 Dungeon Crawl Stone Soup version 0.20-a0-1033-g05abe66 (webtiles) character file.

1888 Deemzul the Slasher (level 8, -1/64 HPs)
             Began as a Mummy Fighter on Apr 21, 2017.
             Was an Initiate of Gozag.
             Slain by an ogre
             ... wielding a +0 giant club
              (12 damage)
             ... on level 7 of the Dungeon.
             The game lasted 00:06:28 (6540 turns).

Deemzul the Slasher (Mummy Fighter)                 Turns: 6540, Time: 00:06:29

Health: -1/64      AC: 13    Str: 19    XL:     8   Next: 92%
Magic:  10/10      EV:  3    Int:  8    God:    Gozag
Gold:   795        SH:  9    Dex: 13    Spells: 7/7 levels left

rFire    x . .     SeeInvis +   n - +1 scimitar (curse)
rCold    + + .     Gourm    .   c - +0 shield
rNeg     + + +     Faith    .   u - +0 plate armour
rPois    ∞         Spirit   .   (no helmet)
rElec    .         Reflect  .   (no cloak)
rCorr    .         Harm     .   h - +0 pair of gloves
MR       +....                  (no boots)
Stlth    ..........             (no amulet)
Regen    0.2/turn               l - ring of protection from cold
MPRegen  0.2/turn               t - ring of see invisible

@: no status effects
A: no food or potions, fire vulnerability, cold resistance 1, negative energy
resistance 3, torment resistance, unbreathing
a: Potion Petition, Call Merchant, Bribe Branch, Renounce Religion


You were on level 7 of the Dungeon.
You worshipped Gozag.
Gozag was pleased with you.
You were not hungry.

You visited 2 branches of the dungeon, and saw 8 of its levels.

You collected 860 gold pieces.
You paid 65 gold pieces to Gozag.

Inventory:

Hand Weapons
 n - a cursed +1 scimitar (weapon)
Missiles
 s - 7 poisoned javelins (quivered)
Armour
 c - a +0 shield (worn)
 h - a +0 pair of gloves (worn)
 u - a +0 plate armour (worn)
Jewellery
 l - a ring of protection from cold (left hand)
 t - a ring of see invisible (right hand)
Wands
 j - a wand of polymorph (12/24)
 p - a wand of lightning (0/15)
Scrolls
 b - 3 scrolls of blinking {unknown}
 d - 6 scrolls of identify {unknown}
 e - 2 scrolls of amnesia {unknown}
 f - 2 scrolls of remove curse {unknown}
 g - a scroll of enchant weapon {unknown}
 k - 4 scrolls of teleportation {unknown}
 m - a scroll of silence {unknown}
 o - 2 scrolls of recharging {unknown}
 r - a scroll of summoning {unknown}
Books
 i - a book of Minor Magic

   Spells                             Type                      Level
   a - Magic Dart                     Conjuration                  1
   b - Blink                          Translocation                2
   c - Call Imp                       Summoning                    2
   d - Slow                           Hexes                        2
   e - Conjure Flame                  Conjuration/Fire             3
   f - Mephitic Cloud                 Conjuration/Poison/Air       3
 q - a book of Misfortune

   Spells                             Type                      Level
   a - Confusing Touch                Hexes                        1
   b - Confuse                        Hexes                        3
   c - Gell's Gravitas                Translocation                3
   d - Petrify                        Transmutation/Earth          4
   e - Metabolic Englaciation         Hexes/Ice                    5
   f - Yara's Violent Unravelling     Hexes/Transmutation          5


   Skills:
 + Level 6.1 Fighting
 * Level 6.6 Long Blades
 + Level 4.9 Armour
 - Level 2.4 Shields
 + Level 3.4 Evocations


You had 7 spell levels left.
You didn't know any spells.

Dungeon Overview and Level Annotations

Branches:
Dungeon (7/15)             Temple (1/1) D:4

Altars:
Fedhas
Gozag
Nemelex Xobeh
Qazlal
Wu Jian
The Shining One

Shops:
D:4 %


Innate Abilities, Weirdness & Mutations

You do not eat or drink.
Your flesh is vulnerable to fire.
You are immune to poison.
Your flesh is cold resistant. (rC+)
You are immune to negative energy. (rN+++)
You are immune to unholy pain and torment.
You can survive without breathing.


Message History

The black bear is almost dead.
The black bear bites you. You block the black bear's attack.
The black bear claws you but does no damage.
The bullfrog zombie hits you but does no damage.
The black bear bites you.
The black bear claws you but does no damage.
You block the black bear's attack.
The bullfrog zombie hits you but does no damage.
You closely miss the black bear.
The black bear is almost dead.
The black bear bites you! You block the black bear's attack.
The black bear claws you but does no damage.
The ogre hits you with a giant club!
* * * LOW HITPOINT WARNING * * *
The bullfrog zombie hits you but does no damage.
The black bear bites you but does no damage.
The black bear barely misses you. You block the black bear's attack.
The ogre hits you with a giant club!
You die...
Your body crumbles into a pile of gold.

#..# ##.......#
##.## ###.<..#..##
#######..#
##.....#####
........####.....##
........###.....##
#######........##
##........##
##........##
#....#@..#####
######ZO......
#h....... #........
#........ .........
......... .........
..........


You could see a black bear (berserk), an ogre and a bullfrog zombie.

Vanquished Creatures
  Grinder (D:4)
  3 ogres
  A centaur (D:6)
  Blork the orc (D:6)
  2 bullfrogs (D:6)
  2 water moccasin skeletons (D:4)
  A howler monkey (D:6)
  4 wights (D:6)
  2 bullfrog zombies
  A bullfrog skeleton (D:6)
  3 orc priests (D:6)
  2 hounds
  10 orc wizards
  Jessica (D:2)
  4 worker ants
  A hound skeleton (D:6)
  9 adders
  2 oozes
  An adder skeleton (D:4)
  3 worms
  4 dart slugs (D:2)
  6 leopard geckos
  23 orcs
  5 giant cockroaches
  7 goblins
  7 hobgoblins
  10 jackals
  2 quokkas (D:4)
  6 bats
  6 frilled lizards
  A jackal skeleton (D:4)
  5 kobolds
  A quokka zombie (D:6)
  11 rats
148 creatures vanquished.

Vanquished Creatures (others)
  2 fungi (D:6)
2 creatures vanquished.

Grand Total: 150 creatures vanquished

Notes
Turn   | Place    | Note
-------+----------+-------------------------------------------
     0 | D:1      | Deemzul the Mummy Fighter began the quest for the Orb.
     0 | D:1      | Reached XP level 1. HP: 18/18 MP: 1/1
   254 | D:1      | Reached XP level 2. HP: 23/24 MP: 2/2
   775 | D:2      | Reached XP level 3. HP: 28/29 MP: 3/3
   892 | D:2      | Noticed Jessica
   917 | D:2      | Killed Jessica
   917 | D:2      | Reached XP level 4. HP: 36/36 MP: 4/4
  1274 | D:2      | Found a faded altar of an unknown god.
  1740 | D:3      | Reached XP level 5. HP: 40/42 MP: 5/5
  2213 | D:4      | Found a staircase to the Ecumenical Temple.
  2233 | D:4      | Found Koeheut's Food Emporium.
  2246 | Temple   | Entered the Ecumenical Temple
  2251 | Temple   | Became a worshipper of Gozag Ym Sagoz the Greedy
  2381 | D:4      | Noticed an ogre
  2382 | D:4      | Noticed Grinder
  2668 | D:4      | Reached XP level 6. HP: 40/48 MP: 6/6
  2884 | D:4      | Reached skill level 1 in Evocations
  2993 | D:4      | Paralysed by Grinder for 2 turns
  3003 | D:4      | Killed Grinder
  3003 | D:4      | Reached XP level 7. HP: 11/55 MP: 6/8
  3410 | D:5      | Entered Level 5 of the Dungeon
  3678 | D:5      | Reached skill level 5 in Long Blades
  3691 | D:5      | Reached skill level 5 in Fighting
  4791 | D:5      | Reached XP level 8. HP: 49/62 MP: 9/9
  5216 | D:6      | Found a blossoming altar of Fedhas.
  5815 | D:6      | Noticed Blork the orc
  5823 | D:6      | Killed Blork the orc
  6540 | D:7      | Slain by an ogre

Vault maps used:
D:1:      dpeg_arrival_arbitrary_b
D:2:      chequers_ecumenical_altar_lobes, uniq_jessica
D:3:      first_bread
D:4:      temple_fountains, serial_shops, shop_statue, uniq_grinder
D:6:      serial_curves, eino_curves_01, eino_curves_04, fedhas_altar_3,
          uniq_sigmund, uniq_blork_the_orc
D:7:      grunt_dithmenos_shadows
Temple:   nicolae_temple_the_god_donut

Skill      XL: |  1  2  3  4  5  6  7  8 |
---------------+-------------------------+-----
Long Blades    | 2 3 4 5 6 |  6.6
Armour         | 3 4 |  4.9
Fighting       | 4 5 6 |  6.1
Evocations     | 1 2 3 |  3.4
Shields        | |  2.4

Action                   |  1- 3 |  4- 6 |  7- 9 || total
-------------------------+-------+-------+-------++-------
Melee: Long sword        |   122 |   202 |   154 ||   478
       Scimitar          |       |       |   135 ||   135
Throw: Javelin           |       |       |     7 ||     7
Evoke: Wand              |       |     5 |     6 ||    11
 Stab: Distracted        |       |       |     1 ||     1
Armor: Scale mail        |    67 |   101 |    42 ||   210
       Plate armour      |       |       |   149 ||   149
Dodge: Dodged            |    44 |    48 |    53 ||   145
Block: Shield            |    69 |    90 |   137 ||   296
       Rpst.: Long sword |    18 |    21 |    11 ||    50
       Scimitar          |       |       |     5 ||     5
